 Dungeon Crawl Stone Soup version 0.21-a0-529-g8c7b3f5 (webtiles) character file.

4305 slep the Cleaver (level 10, 0/53 HPs)
             Began as a Vine Stalker Gladiator on Dec 11, 2017.
             Was a Priest of Okawaru.
             Slain by a demonic crawler (5 damage)
             ... summoned by a deep elf mage
             ... in a bailey.
             The game lasted 00:35:19 (5021 turns).

slep the Cleaver (Vine Stalker Gladiator)           Turns: 5021, Time: 00:35:19

Health: 0/53       AC: 18    Str: 24    XL:     10   Next: 32%
Magic:  0/11       EV: 14    Int:  8    God:    Okawaru [***...]
Gold:   387        SH:  5    Dex: 15    Spells: 8/9 levels left

rFire    . . .     SeeInvis .   a - +1 war axe
rCold    + . .     Gourm    .   (no shield)
rNeg     . . .     Faith    .   E - +1 chain mail {rC+}
rPois    .         Spirit   +   F - +1 helmet
rElec    .         Reflect  +   G - +0 cloak
rCorr    .         Harm     .   k - +0 pair of gloves
MR       ++...     Rnd*Tele +   n - +0 pair of boots
Stlth    ..........             h - +5 amulet of reflection
HPRegen  0.57/turn              t - ring of teleportation
MPRegen  0.12/turn              P - +4 ring of evasion

@: mighty, berserk cooldown, slowed, very slow
A: fangs 3, yellow scales 1, blurry vision 1, clumsy 1, magic resistance 1,
regeneration 1, magic shield, antimagic bite, no potion heal 3, rot immunity,
subdued magic 1
a: Heroism, Renounce Religion


You were in a bailey.
You worshipped Okawaru.
Okawaru was most pleased with you.
You were not hungry.

You visited 2 branches of the dungeon, and saw 8 of its levels.
You also visited: Bailey.

You collected 449 gold pieces.
You spent 62 gold pieces at shops.

Inventory:

Hand Weapons
 a - a +1 war axe (weapon)
 U - a -1 blowgun
Missiles
 d - 2 throwing nets
 L - 4 tomahawks (quivered)
Armour
 k - a +0 pair of gloves (worn)
 n - a +0 pair of boots (worn)
 E - a +1 chain mail of cold resistance (worn)
 F - a +1 helmet (worn)
 G - a +0 cloak (worn)
Jewellery
 h - a +5 amulet of reflection (around neck)
 t - a ring of teleportation (left hand)
 u - an uncursed amulet of rage
 x - an uncursed amulet of guardian spirit
 C - a +4 amulet of reflection
 P - a +4 ring of evasion (right hand)
Wands
 b - a wand of polymorph (20)
 J - a wand of flame (28)
 K - a wand of paralysis (12)
 R - a wand of random effects (38)
 W - a wand of disintegration (4)
Scrolls
 c - a scroll of silence {unknown}
 e - 3 scrolls of identify
 i - 2 scrolls of immolation {unknown}
 l - a scroll of holy word {unknown}
 s - 2 scrolls of enchant armour {unknown}
 z - 4 scrolls of amnesia
 A - a scroll of fog {unknown}
 H - 2 scrolls of enchant weapon
 I - 2 scrolls of teleportation {unknown}
 S - 2 scrolls of blinking {unknown}
 T - a scroll of fear {unknown}
 X - 2 scrolls of remove curse
Potions
 j - 2 potions of curing
 r - a potion of agility {unknown}
 w - a potion of might
 D - a potion of ambrosia {unknown}
 N - a potion of heal wounds {unknown}
 O - a potion of magic {unknown}
 Q - a potion of lignification {unknown}
 Z - a potion of mutation {unknown}
Books
 V - a book of Cantrips

   Spells                             Type                      Level
   a - Confusing Touch                Hexes                        1
   b - Animate Skeleton               Necromancy                   1
   c - Summon Small Mammal            Summoning                    1
   d - Apportation                    Translocation                1
Comestibles
 f - 4 bread rations
 p - 5 royal jellies
 v - 8 fruits
 M - 2 meat rations
 Y - 4 chunks of flesh


   Skills:
 + Level 5.8 Fighting
 + Level 10.6 Axes
 + Level 2.3 Throwing
 + Level 4.6 Armour
 + Level 3.6 Dodging
 + Level 3.3 Stealth


You had 8 spell levels left.
You knew the following spells:

 Your Spells              Type           Power        Failure   Level  Hunger
a - Apportation           Tloc           #.....       95%         1    ##.....


Dungeon Overview and Level Annotations

Branches:
Dungeon (7/15)             Temple (1/1) D:6

Altars:
Cheibriados
Dithmenos
Elyvilon
Hepliaklqana
Kikubaaqudgha
Makhleb
Nemelex Xobeh
Okawaru
Qazlal
Ru
Sif Muna
Trog
Uskayaw
Vehumet
Wu Jian
Xom
Yredelemnul
Zin

Shops:
D:7 *


Innate Abilities, Weirdness & Mutations

You have razor-sharp teeth.
Your natural rate of healing is unusually fast.
When hurt, damage is shared between your health and your magic reserves.
Your bite disrupts and absorbs the magic of your enemies.
Potions cannot restore your health.
You are immune to rotting.
You are partially covered in yellow scales. (AC +2)
Scrolls take you a little longer to read.
You are clumsy. (Dex -2)
You are resistant to hostile enchantments. (MR+)
Your spells are a little easier to cast, but a little less powerful.


Message History

Okay, then.
Evoke which item? (* to show all) (? for menu, Esc to quit)
Aiming: Disintegrate
Press: ? - help, Shift-Dir - straight line, f - deep elf mage
Aim: a deep elf mage, wielding a long sword (chance to defeat MR: 48%)
The deep elf mage is blasted.
You block the deep elf mage's attack.
The deep elf mage casts a spell.
The deep elf mage blinks!
Unknown command.
It was a potion of might.
You feel very mighty all of a sudden.
The deep elf mage gestures wildly while chanting.
The deep elf mage blinks!
You block the deep elf mage's attack.
You closely miss the deep elf mage. Your bite misses the deep elf mage.
The deep elf mage is moderately wounded.
The deep elf mage mumbles some strange words.
The deep elf mage blinks!
You hit the demonic crawler but do no damage.
The demonic crawler barely misses you. The demonic crawler hits you.
You die...

#####
######...######
##..##..∩..##..##
#....#.....#....#
#....##...##....#
##.@######'##).##
+##ssE###...###
#.Er..#.....#
#.3e..#..∩e.#
#.e...#.....#
#...E#....##
#####§#####
#.§§§#E.E.#
#...§E#E....#


You could see a soul eater, a demonic crawler, 3 earth elementals, 2 deep elf
magi, a fire elemental, a redback and a hell rat.

Vanquished Creatures
  2 deep elf magi (Bailey)
  Joseph (D:7)
  Grinder (D:6)
  A hippogriff (D:7)
  Sigmund (D:6)
  Menkaure (D:7)
  A hungry ghost (D:7)
  Duvessa (D:5)
  A black bear (D:7)
  An ice beast (D:3)
  2 sky beasts
  3 ogres
  2 centaurs
  3 bullfrogs
  Dowan (D:5)
  6 killer bees (D:7)
  4 jellies
  2 howler monkeys
  A crimson imp (D:5)
  A centaur zombie (D:5)
  2 orc wizards
  3 orc priests
  A gnoll shaman (D:4)
  7 hounds
  2 bullfrog skeletons (D:7)
  A centaur skeleton (D:5)
  6 worker ants
  3 iguanas
  Terence (D:3)
  A hound zombie (D:5)
  2 hound skeletons
  A howler monkey zombie (D:6)
  7 gnolls
  4 adders
  2 shadow imps (D:5)
  2 oozes
  4 worms (D:2)
  6 dart slugs
  3 leopard geckos
  24 orcs
  7 giant cockroaches
  10 goblins
  7 hobgoblins
  5 jackals
  7 kobolds
  7 quokkas
  2 ball pythons (D:5)
  7 bats
  4 frilled lizards
  A quokka skeleton (D:4)
  11 rats
186 creatures vanquished.

Vanquished Creatures (others)
  A plant (D:7)
1 creature vanquished.

Grand Total: 187 creatures vanquished

Notes
Turn   | Place    | Note
-------+----------+-------------------------------------------
     0 | D:1      | slep the Vine Stalker Gladiator began the quest for the Orb.
     0 | D:1      | Reached XP level 1. HP: 11/11 MP: 2/2
     0 | D:1      | Noticed a minotaur
     2 | D:1      | Noticed a vine stalker
     2 | D:1      | Noticed a formicid
     4 | D:1      | Noticed a vampire
     6 | D:1      | Noticed a vine stalker
     7 | D:1      | Noticed a human
     8 | D:1      | Noticed a formicid
    10 | D:1      | Noticed a centaur
    10 | D:1      | Noticed a gargoyle
    12 | D:1      | Noticed a ghoul
    12 | D:1      | Noticed a draconian
    14 | D:1      | Noticed a human
    14 | D:1      | Noticed a gargoyle
    16 | D:1      | Noticed a minotaur
    16 | D:1      | Noticed an elf
    93 | D:1      | Reached XP level 2. HP: 5/15 MP: 3/3
    98 | D:1      | Reached skill level 3 in Axes
   310 | D:1      | Reached XP level 3. HP: 18/18 MP: 4/4
  1005 | D:2      | Gained mutation: Your natural rate of healing is unusually fast. [Vine Stalker growth]
  1005 | D:2      | Reached XP level 4. HP: 23/23 MP: 5/5
  1098 | D:2      | Found an ornate altar of the Wu Jian Council.
  1641 | D:3      | Noticed an ice beast
  1651 | D:3      | Killed an ice beast
  1651 | D:3      | Reached skill level 4 in Axes
  1651 | D:3      | Reached skill level 1 in Armour
  1651 | D:3      | Reached XP level 5. HP: 27/27 MP: 6/6
  1831 | D:3      | Reached skill level 5 in Axes
  1831 | D:3      | Reached XP level 6. HP: 31/32 MP: 5/7
  1833 | D:3      | Noticed Terence
  1849 | D:3      | Killed Terence
  2361 | D:4      | Reached XP level 7. HP: 27/36 MP: 5/8
  2375 | D:4      | Reached skill level 6 in Axes
  2890 | D:5      | Entered Level 5 of the Dungeon
  2911 | D:5      | Gained mutation: You have razor-sharp teeth. [Vine Stalker growth]
  2911 | D:5      | Reached XP level 8. HP: 21/40 MP: 9/9
  2974 | D:5      | Noticed Duvessa
  2989 | D:5      | Noticed Dowan
  2997 | D:5      | Reached skill level 7 in Axes
  3017 | D:5      | Killed Dowan
  3017 | D:5      | Reached skill level 1 in Stealth
  3027 | D:5      | Killed Duvessa
  3343 | D:5      | Reached skill level 8 in Axes
  3552 | D:6      | Noticed Grinder
  3569 | D:6      | Killed Grinder
  3569 | D:6      | Reached XP level 9. HP: 29/46 MP: 10/10
  3577 | D:6      | Found a snail-covered altar of Cheibriados.
  3629 | D:6      | Found a staircase to the Ecumenical Temple.
  3638 | Temple   | Entered the Ecumenical Temple
  3754 | Temple   | Became a worshipper of Warmaster Okawaru
  3846 | D:6      | Noticed Sigmund
  3976 | D:6      | Killed Sigmund
  4006 | D:6      | Gained mutation: Your spells are a little easier to cast, but a little less powerful. [mutagenic meat]
  4007 | D:6      | Gained mutation: You are resistant to hostile enchantments. (MR+) [mutagenic meat]
  4008 | D:6      | Gained mutation: Scrolls take you a little longer to read. [mutagenic meat]
  4009 | D:6      | Gained mutation: You are partially covered in yellow scales. (AC +2) [mutagenic meat]
  4014 | D:6      | Gained mutation: You are clumsy. (Dex -2) [mutagenic meat]
  4082 | D:6      | Reached skill level 9 in Axes
  4118 | D:6      | Learned a level 1 spell: Apportation
  4544 | D:7      | Reached skill level 5 in Fighting
  4553 | D:7      | Reached * piety under Okawaru
  4605 | D:7      | Noticed Joseph
  4619 | D:7      | Killed Joseph
  4635 | D:7      | Noticed Menkaure
  4649 | D:7      | Killed Menkaure
  4649 | D:7      | Reached ** piety under Okawaru
  4670 | D:7      | Reached skill level 10 in Axes
  4670 | D:7      | Reached XP level 10. HP: 8/51 MP: 11/11
  4736 | D:7      | Found Noege's Assorted Antiques.
  4843 | D:7      | Bought a scroll labeled GUMENKOACO for 33 gold pieces
  4843 | D:7      | Bought a fuming black potion for 29 gold pieces
  4915 | D:7      | Found a flagged portal.
  4923 | Bailey   | Entered a bailey
  4929 | Bailey   | Noticed a deep elf mage
  4942 | Bailey   | Killed a deep elf mage
  5002 | Bailey   | Noticed a deep elf mage
  5003 | Bailey   | Noticed a deep elf mage
  5003 | Bailey   | Noticed a deep elf mage
  5003 | Bailey   | Noticed a deep elf mage
  5003 | Bailey   | Noticed a deep elf mage
  5003 | Bailey   | Noticed a deep elf mage
  5006 | Bailey   | Killed a deep elf mage
  5006 | Bailey   | Reached *** piety under Okawaru
  5012 | Bailey   | Noticed a soul eater
  5017 | Bailey   | HP: 1/53 [soul eater/drain life[a deep elf mage] (14)]
  5021 | Bailey   | Slain by a demonic crawler

Vault maps used:
D:1:      shiori_arrival_whats_in_store_for_you, minmay_misc_feat_encased
D:2:      overflow_temple_1_default, first_bread, kennysheep_potato
D:3:      uniq_terence
D:4:      wad_lake_hut
D:5:      uniq_duvessa
D:6:      kennysheep_slug_shrine, temple_statues, grunt_tough_drop,
          uniq_grinder, uniq_sigmund
D:7:      enter_bailey_3, serial_shops, nicolae_shop_overgrown_old_shop,
          uniq_joseph, uniq_menkaure
Temple:   nicolae_temple_elliptical
Bailey:   bailey_polearm_3, bailey

Skill      XL: |  1  2  3  4  5  6  7  8  9 |
---------------+----------------------------+-----
Fighting       | 2 3 4 5 |  5.8
Axes           | 3 4 5 6 8 10 | 10.6
Armour         | 1 2 3 4 |  4.6
Dodging        | 3 |  3.6
Throwing       | 2 |  2.3
Stealth        | 1 3 |  3.3

Action                   |  1- 3 |  4- 6 |  7- 9 | 10-12 || total
-------------------------+-------+-------+-------+-------++-------
Melee: War axe           |    68 |   193 |   354 |    51 ||   666
       Bite              |    22 |    69 |   133 |    13 ||   237
Throw: Throwing net      |       |       |     5 |       ||     5
       Tomahawk          |       |       |     3 |       ||     3
Evoke: Wand              |       |       |     1 |     1 ||     2
  Use: Potion            |     2 |       |     1 |     2 ||     5
       Scroll            |       |       |     6 |       ||     6
 Stab: Held in net/web   |       |       |     3 |       ||     3
       Paralysed         |       |       |     3 |       ||     3
  Eat: Chunk             |       |     5 |    17 |     3 ||    25
Armor: Leather armour    |     2 |       |       |       ||     2
       Plate armour      |    40 |   133 |   166 |       ||   339
       Chain mail        |       |       |    38 |    20 ||    58
Dodge: Dodged            |    24 |    64 |   187 |    24 ||   299
Block: Other             |    13 |    46 |    89 |     7 ||   155
       Reflection        |       |     2 |     2 |       ||     4

Table legend:
 A = Spawn XP
 B = Non-spawn XP
 C = Spawn XP percentage of total XP
 D = Spawn monster count
 E = Non-spawn monster count
 F = Spawn count percentage of total count
 G = Total turns spent on level
                    A         B        C        D         E        F      G
               +---------+---------+-------+---------+---------+-------+---------
         Total |       0 |    6151 |   0.0 |       0 |     186 |   0.0 |  5021
               +---------+---------+-------+---------+---------+-------+---------
           D:1 |       0 |      43 |   0.0 |       0 |      23 |   0.0 |   567
           D:2 |       0 |      91 |   0.0 |       0 |      27 |   0.0 |   980
           D:3 |       0 |     314 |   0.0 |       0 |      27 |   0.0 |   593
           D:4 |       0 |     655 |   0.0 |       0 |      25 |   0.0 |   750
           D:5 |       0 |    1148 |   0.0 |       0 |      25 |   0.0 |   662
           D:6 |       0 |    1128 |   0.0 |       0 |      27 |   0.0 |   817
           D:7 |       0 |    1757 |   0.0 |       0 |      30 |   0.0 |   394
        Bailey |       0 |    1015 |   0.0 |       0 |       2 |   0.0 |    98
               +---------+---------+-------+---------+---------+-------+---------
